 Dungeon Crawl Stone Soup version 0.30-a0-165-g1891117ce2 (webtiles) character file.

Game seed: 3196500104756299813

57817 qw the Cleaver (level 14, 0/88 HPs)
             Began as a Gargoyle Fighter on Sept 28, 2022.
             Was a High Priest of Okawaru.
             Slain by a phantasmal warrior (18 damage)
             ... led by a death knight
             ... on level 13 of the Dungeon.
             The game lasted 00:09:17 (21193 turns).

qw the Cleaver (Gargoyle Fighter)                  Turns: 21193, Time: 00:09:18

Health: 0/88       AC: 42    Str: 25    XL:     14   Next: 87%
Magic:  30/30      EV: 11    Int:  9    God:    Okawaru [*****.]
Gold:   1556       SH: 20    Dex: 12    Spells: 13/13 levels left

rFire   + . .      SeeInvis +    c - +6 war axe "Undertaker" {vorpal, MP+9 Dex+3 SInv}
rCold   + . .      Faith    .    y - +0 tower shield
rNeg    + . .      Spirit   .    v - +1 gold dragon scales
rPois   inf        Reflect  .    i - +0 helmet
rElec   +          Harm     .    j - +0 cloak
rCorr   .          Rampage  .    m - +0 pair of gloves
Will    .....                    (no boots)
Stlth   ..........               (no amulet)
HPRegen 0.24/turn                k - +4 ring of evasion
MPRegen 0.22/turn                p - +4 ring of protection

@: about to teleport, weak-willed, heroic, flying
A: sickness immunity, AC +10, big wings, negative energy resistance 1,
electricity resistance, torment resistance 1, petrification resistance
a: Renounce Religion, Heroism, Finesse, Duel


You were on level 13 of the Dungeon.
You worshipped Okawaru.
Okawaru was extremely pleased with you.
You visited 3 branches of the dungeon, and saw 19 of its levels.

You collected 1556 gold pieces.


Innate Abilities, Weirdness & Mutations

You are immune to sickness and miasma.
Your stone body is resilient. (AC +10)
You are immune to poison.
Your large and strong wings let you fly.
You resist negative energy. (rN+)
You are resistant to electric shocks. (rElec)
You are resistant to unholy torment.
You are immune to petrification.


   Skills:
 - Level 10.2(15.2) Fighting
 - Level 14.0(19.0) Axes
 - Level 3.8(8.8) Throwing
 - Level 12.0(17.0) Armour
 - Level 2.0(7.0) Dodging
 + Level 13.7(18.7) Shields
 - Level 10.2 Invocations


You had 13 spell levels left.
You didn't know any spells.
Your spell library was empty.

Inventory:

Hand Weapons
 c - the +6 war axe "Undertaker" (weapon) {vorpal, MP+9 Dex+3 SInv}
   (You found it on level 6 of the Dungeon)

   It inflicts extra damage upon your enemies.
   Dex:       It affects your dexterity (+3).
   MP:        It affects your magic capacity (+9).
   SInv:      It lets you see invisible.
 o - a +0 broad axe
 x - a +2 war axe of flaming
Armour
 i - a +0 helmet (worn)
 j - a +0 cloak (worn)
 m - a +0 pair of gloves (worn)
 t - the +1 robe of the Dropbear {rElec rC- rCorr Str+3}
   (You found it on level 12 of the Dungeon)

   Str:       It affects your strength (+3).
   rC:        It makes you vulnerable to cold.
   rElec:     It insulates you from electricity.
   rCorr:     It protects you from acid and corrosion.
 v - +1 gold dragon scales (worn)
 y - a +0 tower shield (worn)
Jewellery
 e - a ring of resist corrosion
 k - a +4 ring of evasion (left hand)
 p - a +4 ring of protection (right hand)
 r - a ring of protection from cold
Scrolls
 a - 7 scrolls of identify
 g - 3 scrolls of enchant weapon
 q - 3 scrolls of brand weapon
 w - 2 scrolls of teleportation
Potions
 b - a potion of mutation
 d - 7 potions of might
 f - a potion of cancellation
 h - 8 potions of curing
 l - a potion of haste
 n - a potion of resistance
 s - 3 potions of lignification
 u - a potion of heal wounds
 z - 2 potions of magic
 A - a potion of attraction

Dungeon Overview and Level Annotations

Branches:
Dungeon (13/15)            Temple (1/1) D:4            Lair (5/5) D:8
  Swamp (0/4) Lair:2        Snake (0/4) Lair:3        Slime (0/5) Lair:4
    Orc (0/2) D:12
 Vaults: D:13-14

Altars:
Ashenzari
Cheibriados
Dithmenos
Elyvilon
Fedhas
Gozag
Hepliaklqana
Kikubaaqudgha
Makhleb
Nemelex Xobeh
Okawaru
Qazlal
Ru
Sif Muna
Trog
Uskayaw
Vehumet
Wu Jian
Xom
Yredelemnul
Zin
The Shining One
Jiyva

Shops:
D:1 [   D:9 [

Annotations:
D:8 3 runed translucent doors, qw's ghost, novice GrFi


Message History

You block the death knight's attack.
You barely miss the death knight.
A phantasmal warrior comes into view.
You block the death knight's attack.
You hit the death knight.
The death knight is lightly wounded.
You slash the death knight!
The death knight is moderately wounded.
You block the death knight's attack.
You slash the death knight!
The death knight is heavily wounded.
The death knight closely misses you. The phantasmal warrior gestures at you.
The phantasmal warrior blinks!
You hit the death knight.
The death knight is severely wounded.
You closely miss the phantasmal warrior.
The phantasmal warrior hits you! You block the death knight's attack.
You slash the death knight!
The death knight is severely wounded.
You hit the phantasmal warrior.
You block the phantasmal warrior's attack.
The death knight calls down the wrath of Yredelemnul upon you.
Your body is wracked with pain!
You hit the death knight.
The death knight is almost dead.
You hit the phantasmal warrior but do no damage.
You block the phantasmal warrior's attack.
You block the death knight's attack.
You closely miss the death knight.
The death knight is almost dead.
You slash the phantasmal warrior! The phantasmal warrior hits you!!
Your willpower is stripped away!
The death knight invokes the aid of Yredelemnul against you.
Your body is wracked with pain!
21193 ||| READING 3 scrolls of teleportation.
As you read the scroll of teleportation, it crumbles to dust.
You feel strangely unstable. The phantasmal warrior hits you!!
You die...

........#.###.##
............#..###
.......###....#..#####
......##...##....#.###
.##......####.......#
......#..######...###
......#...........#
.....WpW.......####
....##@)##..### .
#..##.## #...### ##..#
#.## ###


You could see a death knight, a phantasmal warrior and a wraith.

Vanquished Creatures
  Snorg (Lair:3)
  3 hydras
  Erica (D:8)
  An ogre mage (D:13)
  5 boulder beetles
  9 two-headed ogres
  A catoblepas (Lair:2)
  Sonja (Lair:2)
  Amaemon (D:9)
  2 fire crabs (Lair:4)
  A lindwurm (Lair:1)
  Pikel (D:7)
  2 deep elf pyromancers
  A phantasmal warrior (D:13)
  2 manticores (D:12)
  A cyclops (D:10)
  Maurice (D:8)
  12 elephants (Lair:5)
  3 black mambas (Lair:5)
  An orange demon (D:9)
  6 cane toads
  A gargoyle (D:13)
  2 unseen horrors (D:11)
  Maggie (Lair:2)
  6 komodo dragons
  A rime drake (Lair:4)
  A troll (D:12)
  5 hornets
  8 polar bears
  17 blink frogs
  3 tyrant leeches (Lair:2)
  Prince Ribbit (D:8)
  A dream sheep (Lair:5)
  13 spriggans (Lair:5)
  2 shadows (D:11)
  2 vampires
  A wraith (D:10)
  32 yaks
  6 wyverns
  Grum (D:8)
  4 basilisks
  6 vampire mosquitoes
  4 swamp worms
  Menkaure (D:6)
  14 water moccasins
  An acid dragon (D:12)
  2 ice beasts (D:7)
  12 orc warriors
  2 sky beasts
  5 black bears
  A hornet zombie (D:7)
  An ogre (D:5)
  4 boggarts (Lair:5)
  30 wolves
  7 centaurs
  A phantom (D:5)
  4 lemures (D:7)
  12 bullfrogs
  A gnoll sergeant (D:5)
  2 kobold brigands (D:7)
  3 necrophages
  5 scorpions
  24 wights
  3 killer bees
  3 howler monkeys
  2 electric eels (Lair:4)
  4 centaur zombies (D:7)
  3 jellies
  9 hounds
  12 orc priests
  2 gnoll boudas
  3 iguanas
  23 orc wizards
  A killer bee zombie (D:7)
  A howler monkey zombie (D:7)
  9 adders
  8 gnolls
  A shadow imp (D:6)
  A white imp (D:5)
  4 ufetubi
  2 worms
  4 dart slugs
  66 orcs
  3 ball pythons
  4 bats
  7 endoplasms
  3 giant cockroaches
  5 goblins
  5 hobgoblins
  A jackal (D:5)
  12 kobolds
  4 quokkas
  4 frilled lizards
  3 rats
518 creatures vanquished.

Vanquished Creatures (others)
  46 fungi
  53 plants
99 creatures vanquished.

Grand Total: 617 creatures vanquished

Notes
Turn   | Place    | Note
-------+----------+-------------------------------------------
     0 | D:1      | qw the Gargoyle Fighter began the quest for the Orb.
     0 | D:1      | Reached XP level 1. HP: 14/14 MP: 1/1
     0 | D:1      | 0 ||| qw: Version: 0.2-a-12-gaebbb33
     0 | D:1      | 0 ||| qw: Game counter: 749
     0 | D:1      | 0 ||| qw: Always use a shield: true
     0 | D:1      | 0 ||| qw: God list: Okawaru
     0 | D:1      | 0 ||| qw: Allow faded altars: false
     0 | D:1      | 0 ||| qw: Do Orc after D:15 true
     0 | D:1      | 0 ||| qw: Do second Lair branch before Depths: true
     0 | D:1      | 0 ||| qw: Lair rune preference: random
     0 | D:1      | 0 ||| qw: Plans: Normal, Zot:1-4, God:TSO, Crypt, Tomb,
                  | Pan, Slime:5, Hells, Abyss, Orb
     0 | D:1      | 0 ||| PLANNING D:1-11
    36 | D:1      | Found Fimusah's Antique Armour Shoppe.
    41 | D:1      | 41 ||| SHOPLISTING chain mail (103 gold, have 0).
    41 | D:1      | 41 ||| SHOPLISTING pair of gloves (103 gold, have 0).
    41 | D:1      | 41 ||| SHOPLISTING runed buckler (172 gold, have 0).
    41 | D:1      | 41 ||| SHOPLISTING shiny chain mail (172 gold, have 0).
    74 | D:1      | Reached skill level 2 in Axes
   164 | D:1      | Reached XP level 2. HP: 12/19 MP: 2/2
   913 | D:1      | 913 ||| DROPPING +0 club.
  1048 | D:1      | 1048 ||| UPGRADING to +4 ring of evasion.
  1049 | D:1      | 1049 ||| READING 3 scrolls labelled ACREMA REYD.
  1050 | D:1      | 1050 ||| READING scroll labelled FIEGHI VELE.
  1051 | D:1      | 1051 ||| READING scroll labelled XIROARPH JENOTH.
  1052 | D:1      | 1052 ||| READING scroll labelled XUFOMU RECIORPHOM.
  1053 | D:1      | 1053 ||| READING scroll labelled YDAF ZOXIWN.
  1054 | D:1      | 1054 ||| READING scroll labelled IDAROPPEEF.
  1055 | D:1      | 1055 ||| READING scroll labelled VUFIPR DEATOH.
  1059 | D:1      | 1059 ||| READING scroll labelled MANLEA IRAUNNI.
  1082 | D:2      | Reached skill level 3 in Axes
  1126 | D:2      | Reached XP level 3. HP: 18/23 MP: 3/3
  1545 | D:2      | 1545 ||| Stepping ~*~*~tactically~*~*~ (hiding).
  1751 | D:2      | 1751 ||| UPGRADING to ring of protection from cold.
  1752 | D:2      | 1752 ||| READING scroll labelled SOCVOX TOOTEMA.
  1753 | D:2      | 1753 ||| READING scroll labelled OBLIPR HISAXY.
  1754 | D:2      | 1754 ||| READING scroll labelled DIGUIXTI JIRHURGH.
  1755 | D:2      | 1755 ||| DRINKING 2 emerald potions.
  1756 | D:2      | 1756 ||| READING 3 scrolls of identify.
  1756 | D:2      | 1756 ||| IDENTIFYING coppery potion
  1757 | D:2      | 1757 ||| READING 2 scrolls of identify.
  1757 | D:2      | 1757 ||| IDENTIFYING lumpy dark potion
  1758 | D:2      | 1758 ||| DROPPING potion of degeneration.
  1779 | D:3      | Found a faded altar of an unknown god.
  1855 | D:3      | 1855 ||| Stepping ~*~*~tactically~*~*~ (stealth).
  1862 | D:3      | 1862 ||| Stepping ~*~*~tactically~*~*~ (stealth).
  1868 | D:3      | Reached XP level 4. HP: 26/28 MP: 4/4
  1868 | D:3      | 1868 ||| Stepping ~*~*~tactically~*~*~ (stealth).
  1869 | D:3      | 1869 ||| Stepping ~*~*~tactically~*~*~ (stealth).
  1967 | D:3      | 1967 ||| Stepping ~*~*~tactically~*~*~ (hiding).
  1977 | D:3      | Reached skill level 4 in Axes
  2302 | D:3      | Reached XP level 5. HP: 27/32 MP: 5/5
  2464 | D:3      | 2464 ||| UPGRADING to +1 chain mail of willpower.
  2474 | D:3      | 2474 ||| DROPPING +0 scale mail.
  2475 | D:3      | 2475 ||| UPGRADING to +0 pair of gloves.
  2480 | D:3      | 2480 ||| READING scroll labelled PAIGOI OKHLURPHU.
  2501 | D:4      | 2501 ||| STAIRDANCE
  2506 | D:4      | 2506 ||| STAIRDANCE
  2512 | D:3      | Reached skill level 5 in Axes
  2563 | D:4      | 2563 ||| STAIRDANCE
  2587 | D:4      | 2587 ||| Stepping ~*~*~tactically~*~*~ (stealth).
  2590 | D:4      | 2590 ||| Stepping ~*~*~tactically~*~*~ (stealth).
  2591 | D:4      | 2591 ||| Stepping ~*~*~tactically~*~*~ (stealth).
  2592 | D:4      | 2592 ||| Stepping ~*~*~tactically~*~*~ (stealth).
  2602 | D:4      | Reached XP level 6. HP: 20/38 MP: 6/6
  2605 | D:4      | HP: 6/38 [gnoll/+0 spear (7)]
  2606 | D:4      | 2606 ||| READING 3 scrolls of teleportation.
  2606 | D:4      | HP: 2/38 [hound (4)]
  2607 | D:4      | 2607 ||| DRINKING potion of heal wounds.
  2610 | D:4      | 2610 ||| Stepping ~*~*~tactically~*~*~ (water).
  2614 | D:4      | HP: 8/38 [iguana (7)]
  2615 | D:4      | 2615 ||| READING 2 scrolls of teleportation.
  2620 | D:4      | You fall into a shaft and drop 1 floor!
  2620 | D:5      | Entered Level 5 of the Dungeon
  2696 | D:5      | Noticed a water moccasin
  2697 | D:5      | 2697 ||| Stepping ~*~*~tactically~*~*~ (stealth).
  2715 | D:5      | 2715 ||| Stepping ~*~*~tactically~*~*~ (stealth).
  2716 | D:5      | 2716 ||| Stepping ~*~*~tactically~*~*~ (stealth).
  2733 | D:5      | Killed a water moccasin
  2734 | D:5      | Reached skill level 6 in Axes
  2893 | D:5      | 2893 ||| Stepping ~*~*~tactically~*~*~ (hiding).
  2969 | D:5      | Reached skill level 1 in Dodging
  2969 | D:5      | Reached XP level 7. HP: 38/43 MP: 7/7
  3293 | D:4      | 3293 ||| Stepping ~*~*~tactically~*~*~ (stealth).
  3302 | D:4      | 3302 ||| Stepping ~*~*~tactically~*~*~ (hiding).
  3399 | D:4      | 3399 ||| DROPPING +0 whip.
  3444 | D:4      | Found a staircase to the Ecumenical Temple.
  3445 | D:4      | 3445 ||| PLANNING TEMPLE
  3445 | D:4      | 3445 ||| UPGRADING to +4 ring of protection.
  3447 | D:4      | 3447 ||| READING scroll labelled UCEZ IXEUHE.
  3447 | D:4      | Identified a scroll of acquirement
  3447 | D:4      | 3447 ||| ACQUIRING +2 war axe of flaming
  3447 | D:4      | Acquired a +2 war axe of flaming
  3449 | D:4      | 3449 ||| SWAPPING to +2 war axe of flaming.
  3450 | D:4      | 3450 ||| DROPPING +0 flail.
  3451 | D:4      | 3451 ||| DROPPING +1 war axe.
  3452 | D:4      | 3452 ||| DRINKING 2 amethyst potions.
  3459 | Temple   | Entered the Ecumenical Temple
  3546 | Temple   | 3546 ||| PLANNING D:1-11
  3753 | D:4      | 3753 ||| Stepping ~*~*~tactically~*~*~ (stealth).
  3756 | D:4      | 3756 ||| Stepping ~*~*~tactically~*~*~ (hiding).
  3757 | D:4      | 3757 ||| Stepping ~*~*~tactically~*~*~ (hiding).
  3869 | D:4      | 3869 ||| Stepping ~*~*~tactically~*~*~ (stealth).
  3871 | D:4      | 3871 ||| Stepping ~*~*~tactically~*~*~ (stealth).
  3877 | D:4      | 3877 ||| Stepping ~*~*~tactically~*~*~ (stealth).
  3878 | D:4      | 3878 ||| Stepping ~*~*~tactically~*~*~ (stealth).
  3936 | D:4      | 3936 ||| READING 2 scrolls labelled VEACRI XEHULO.
  3998 | D:4      | 3998 ||| READING 2 scrolls of identify.
  3998 | D:4      | 3998 ||| IDENTIFYING lumpy yellow potion
  3999 | D:4      | 3999 ||| DROPPING scroll of torment.
  4029 | D:5      | Found an iron altar of Okawaru.
  4029 | D:5      | Found a broken altar of Ashenzari.
  4030 | D:5      | 4030 ||| PLANNING OKAWARU WORSHIP
  4033 | D:5      | Became a worshipper of Warmaster Okawaru
  4034 | D:5      | 4034 ||| PLANNING D:1-11
  4100 | D:5      | Reached skill level 7 in Axes
  4159 | D:5      | Reached skill level 1 in Throwing
  4195 | D:5      | Reached XP level 8. HP: 49/49 MP: 8/8
  4257 | D:5      | Reached * piety under Okawaru
  4294 | D:5      | 4294 ||| Stepping ~*~*~tactically~*~*~ (stealth).
  4314 | D:5      | Reached skill level 1 in Invocations
  4565 | D:5      | Reached skill level 8 in Axes
  4646 | D:5      | 4646 ||| INVOKING Heroism.
  4814 | D:5      | 4814 ||| UPGRADING to +0 plate armour.
  4824 | D:5      | 4824 ||| DROPPING +1 chain mail of willpower.
  4825 | D:5      | 4825 ||| UPGRADING to +0 kite shield.
  4835 | D:5      | 4835 ||| DROPPING +0 buckler.
  4836 | D:5      | 4836 ||| READING scroll labelled UNAEBI QOYCZO.
  4884 | D:5      | 4884 ||| DROPPING +0 whip.
  4940 | D:6      | 4940 ||| STAIRDANCE
  4951 | D:5      | Reached skill level 3 in Invocations
  4991 | D:6      | 4991 ||| INVOKING Heroism.
  5045 | D:6      | Noticed Menkaure
  5046 | D:6      | 5046 ||| INVOKING Heroism.
  5052 | D:6      | Killed Menkaure
  5117 | D:6      | Identified the +6 war axe "Undertaker" {vorpal, MP+9 Dex+3
                  | SInv}
  5119 | D:6      | 5119 ||| SWAPPING to +6 war axe "Undertaker" {vorpal, MP+9
                  | Dex+3 SInv}.
  5120 | D:6      | 5120 ||| DROPPING +2 war axe of freezing.
  5219 | D:6      | Found a glowing silver altar of Zin.
  5312 | D:6      | Reached XP level 9. HP: 54/54 MP: 12/12
  5433 | D:6      | Found an ancient bone altar of Kikubaaqudgha.
  5649 | D:6      | 5649 ||| STAIRDANCE
  5651 | D:5      | Reached ** piety under Okawaru
  5663 | D:6      | 5663 ||| STAIRDANCE
  5671 | D:5      | Reached skill level 6 in Shields
  5725 | D:6      | 5725 ||| STAIRDANCE
  5893 | D:6      | 5893 ||| Stepping ~*~*~tactically~*~*~ (stealth).
  5895 | D:6      | 5895 ||| Stepping ~*~*~tactically~*~*~ (hiding).
  5896 | D:6      | 5896 ||| Stepping ~*~*~tactically~*~*~ (hiding).
  5935 | D:6      | Found a shimmering altar of Xom.
  6030 | D:7      | 6030 ||| Stepping ~*~*~tactically~*~*~ (stealth).
  6031 | D:7      | 6031 ||| Stepping ~*~*~tactically~*~*~ (stealth).
  6032 | D:7      | 6032 ||| Stepping ~*~*~tactically~*~*~ (stealth).
  6121 | D:7      | Found a basalt altar of Yredelemnul.
  6166 | D:7      | 6166 ||| INVOKING Heroism.
  6166 | D:7      | Noticed Pikel
  6167 | D:7      | 6167 ||| Stepping ~*~*~tactically~*~*~ (stealth).
  6169 | D:7      | 6169 ||| Stepping ~*~*~tactically~*~*~ (stealth).
  6191 | D:7      | Killed Pikel
  6191 | D:7      | Reached *** piety under Okawaru
  6221 | D:7      | 6221 ||| Stepping ~*~*~tactically~*~*~ (stealth).
  6292 | D:7      | 6292 ||| Stepping ~*~*~tactically~*~*~ (stealth).
  6294 | D:7      | 6294 ||| Stepping ~*~*~tactically~*~*~ (hiding).
  6297 | D:7      | 6297 ||| INVOKING Heroism.
  6312 | D:7      | Reached XP level 10. HP: 63/63 MP: 13/13
  6325 | D:7      | 6325 ||| Stepping ~*~*~tactically~*~*~ (stealth).
  6326 | D:7      | 6326 ||| Stepping ~*~*~tactically~*~*~ (stealth).
  6353 | D:7      | 6353 ||| INVOKING Heroism.
  6415 | D:7      | Reached **** piety under Okawaru
  6716 | D:7      | 6716 ||| DRINKING 3 fizzy green potions.
  6755 | D:7      | 6755 ||| READING 2 scrolls of identify.
  6755 | D:7      | 6755 ||| IDENTIFYING fuming silvery potion
  6756 | D:7      | 6756 ||| DROPPING potion of ambrosia.
  6783 | D:8      | Noticed Prince Ribbit
  6792 | D:8      | Killed Prince Ribbit
  6799 | D:8      | Found a sparkling altar of Nemelex Xobeh.
  6804 | D:8      | Found an ornate altar of the Wu Jian Council.
  6805 | D:8      | 6805 ||| Stepping ~*~*~tactically~*~*~ (stealth).
  6806 | D:8      | 6806 ||| Stepping ~*~*~tactically~*~*~ (stealth).
  6807 | D:8      | 6807 ||| INVOKING Heroism.
  6826 | D:8      | Reached skill level 9 in Axes
  6834 | D:8      | 6834 ||| INVOKING Heroism.
  6835 | D:8      | 6835 ||| DRINKING potion of curing.
  6835 | D:8      | 6835 ||| (to cure confusion)
  6836 | D:8      | 6836 ||| DROPPING +1 morningstar.
  6837 | D:8      | 6837 ||| DROPPING +0 flail.
  6856 | D:8      | 6856 ||| INVOKING Heroism.
  7011 | D:8      | 7011 ||| INVOKING Heroism.
  7070 | D:8      | 7070 ||| INVOKING Heroism.
  7206 | D:8      | 7206 ||| INVOKING Heroism.
  7243 | D:8      | 7243 ||| INVOKING Heroism.
  7254 | D:8      | HP: 8/63 [swamp worm (17)]
  7255 | D:8      | 7255 ||| READING scroll of teleportation.
  7256 | D:8      | 7256 ||| DRINKING 2 potions of heal wounds.
  7259 | D:8      | Noticed Grum
  7268 | D:8      | HP: 15/63 [Grum/-1 vorpal spear (3)]
  7269 | D:8      | 7269 ||| DRINKING potion of heal wounds.
  7271 | D:8      | 7271 ||| INVOKING Heroism.
  7277 | D:8      | Killed Grum
  7278 | D:8      | Reached skill level 6 in Armour
  7279 | D:8      | Reached skill level 9 in Shields
  7292 | D:8      | HP: 11/63 [wight/+2 halberd (6)]
  7367 | D:8      | 7367 ||| INVOKING Heroism.
  7370 | D:8      | 7370 ||| Stepping ~*~*~tactically~*~*~ (hiding).
  7469 | D:8      | 7469 ||| Stepping ~*~*~tactically~*~*~ (stealth).
  7469 | D:8      | Found a stormy altar of Qazlal.
  7470 | D:8      | 7470 ||| Stepping ~*~*~tactically~*~*~ (stealth).
  7472 | D:8      | 7472 ||| Stepping ~*~*~tactically~*~*~ (hiding).
  7474 | D:8      | 7474 ||| Stepping ~*~*~tactically~*~*~ (hiding).
  7476 | D:8      | 7476 ||| INVOKING Heroism.
  7636 | D:8      | Noticed Erica
  7637 | D:8      | 7637 ||| INVOKING Heroism.
  7647 | D:8      | Killed Erica
  7648 | D:8      | Reached skill level 6 in Invocations
  7838 | D:8      | Found a runed translucent gate.
  7839 | D:8      | Found a runed translucent gate.
  7840 | D:8      | Found a runed translucent gate.
  7841 | D:8      | Found an opulent altar of Gozag.
  7843 | D:8      | Noticed qw's ghost (novice GrFi)
  7843 | D:8      | Noticed a centaur warrior
  7904 | D:8      | Found a hide-covered altar of Uskayaw.
  8102 | D:8      | Noticed Maurice
  8103 | D:8      | 8103 ||| Stepping ~*~*~tactically~*~*~ (hiding).
  8110 | D:8      | 8110 ||| INVOKING Heroism.
  8115 | D:8      | Killed Maurice
  8116 | D:8      | Reached XP level 11. HP: 53/67 MP: 15/15
  8116 | D:8      | 8116 ||| Stepping ~*~*~tactically~*~*~ (stealth).
  8126 | D:8      | 8126 ||| Stepping ~*~*~tactically~*~*~ (stealth).
  8127 | D:8      | 8127 ||| Stepping ~*~*~tactically~*~*~ (stealth).
  8208 | D:8      | Found a staircase to the Lair.
  8209 | D:8      | 8209 ||| INVOKING Heroism.
  8219 | D:8      | Reached skill level 10 in Axes
  8229 | D:8      | 8229 ||| Stepping ~*~*~tactically~*~*~ (hiding).
  8245 | D:8      | 8245 ||| Stepping ~*~*~tactically~*~*~ (stealth).
  8247 | D:8      | 8247 ||| Stepping ~*~*~tactically~*~*~ (hiding).
  8396 | D:8      | 8396 ||| INVOKING Heroism.
  8628 | D:8      | 8628 ||| Stepping ~*~*~tactically~*~*~ (stealth).
  8630 | D:8      | 8630 ||| Stepping ~*~*~tactically~*~*~ (hiding).
  8631 | D:8      | 8631 ||| Stepping ~*~*~tactically~*~*~ (hiding).
  8741 | D:8      | 8741 ||| PLANNING LAIR
  8741 | D:8      | 8741 ||| UPGRADING to +0 cloak.
  8746 | D:8      | 8746 ||| READING 2 scrolls of identify.
  8746 | D:8      | 8746 ||| IDENTIFYING inky potion
  8747 | D:8      | 8747 ||| DROPPING potion of invisibility.
  8792 | Lair:1   | Entered Level 1 of the Lair of Beasts
  8859 | Lair:1   | You fall into a shaft and drop 1 floor!
  8860 | Lair:2   | 8860 ||| READING scroll of teleportation.
  9006 | Lair:3   | Noticed Snorg
  9007 | Lair:3   | 9007 ||| INVOKING Heroism.
  9023 | Lair:3   | Killed Snorg
  9069 | Lair:3   | 9069 ||| INVOKING Heroism.
  9108 | Lair:3   | 9108 ||| INVOKING Heroism.
  9132 | Lair:3   | Found a staircase to the Snake Pit.
  9239 | Lair:3   | Found a hazy altar of Hepliaklqana.
  9240 | Lair:3   | 9240 ||| INVOKING Heroism.
  9265 | Lair:3   | HP: 15/68 [centaur/arrow (3)]
  9266 | Lair:3   | 9266 ||| READING scroll of teleportation.
  9267 | Lair:3   | 9267 ||| DRINKING potion of heal wounds.
  9491 | Lair:3   | 9491 ||| Stepping ~*~*~tactically~*~*~ (hiding).
  9496 | Lair:3   | 9496 ||| INVOKING Heroism.
  9501 | Lair:3   | 9501 ||| Stepping ~*~*~tactically~*~*~ (hiding).
  9765 | Lair:3   | 9765 ||| INVOKING Heroism.
  9777 | Lair:3   | 9777 ||| Stepping ~*~*~tactically~*~*~ (stealth).
  9779 | Lair:3   | 9779 ||| Stepping ~*~*~tactically~*~*~ (stealth).
  9791 | Lair:3   | Reached ***** piety under Okawaru
 10091 | Lair:3   | 10091 ||| UPGRADING to +0 gold dragon scales.
 10101 | Lair:3   | 10101 ||| DROPPING +0 plate armour.
 10102 | Lair:3   | 10102 ||| READING 2 scrolls of identify.
 10102 | Lair:3   | 10102 ||| IDENTIFYING sedimented yellow potion
 10322 | Lair:2   | Noticed Sonja
 10323 | Lair:2   | 10323 ||| INVOKING Finesse.
 10358 | Lair:2   | Killed Sonja
 10359 | Lair:2   | Reached skill level 9 in Invocations
 10439 | Lair:2   | 10439 ||| Stepping ~*~*~tactically~*~*~ (hiding).
 10458 | Lair:2   | 10458 ||| FLEEEEING.
 10459 | Lair:2   | 10459 ||| FLEEEEING.
 10486 | Lair:2   | Identified the +0 executioner's axe "Awibimim" {drain,
                  | Contam rElec rC+ Int+4} (Okawaru gifted it to you on level
                  | 2 of the Lair of Beasts)
 10486 | Lair:2   | Received a gift from Okawaru
 10542 | Lair:2   | 10542 ||| DROPPING +6 ring of dexterity.
 10543 | Lair:2   | 10543 ||| DRINKING 2 silvery potions.
 10544 | Lair:2   | 10544 ||| READING 4 scrolls of identify.
 10544 | Lair:2   | 10544 ||| IDENTIFYING murky silvery potion
 10545 | Lair:2   | 10545 ||| READING 3 scrolls of identify.
 10545 | Lair:2   | 10545 ||| IDENTIFYING fuming golden potion
 10546 | Lair:2   | 10546 ||| DROPPING potion of flight.
 10547 | Lair:2   | 10547 ||| DROPPING potion of berserk rage.
 10548 | Lair:2   | 10548 ||| DROPPING potion of brilliance.
 10722 | Lair:1   | 10722 ||| INVOKING Heroism.
 10866 | Lair:1   | Noticed a lindwurm
 10867 | Lair:1   | 10867 ||| INVOKING Heroism.
 10873 | Lair:1   | Killed a lindwurm
 11198 | Lair:1   | 11198 ||| UPGRADING to +0 helmet.
 11315 | Lair:2   | Reached XP level 12. HP: 73/73 MP: 19/19
 11363 | Lair:2   | Noticed Maggie
 11364 | Lair:2   | 11364 ||| Stepping ~*~*~tactically~*~*~ (hiding).
 11364 | Lair:2   | Noticed a catoblepas
 11365 | Lair:2   | 11365 ||| Stepping ~*~*~tactically~*~*~ (hiding).
 11369 | Lair:2   | 11369 ||| INVOKING Heroism.
 11370 | Lair:2   | 11370 ||| INVOKING Finesse.
 11374 | Lair:2   | Killed a catoblepas
 11377 | Lair:2   | Killed Maggie
 11378 | Lair:2   | Reached skill level 9 in Armour
 11465 | Lair:2   | Found a staircase to the Swamp.
 11524 | Lair:2   | 11524 ||| Stepping ~*~*~tactically~*~*~ (hiding).
 11526 | Lair:2   | 11526 ||| INVOKING Heroism.
 12024 | Lair:4   | Noticed an eight-headed hydra
 12025 | Lair:4   | 12025 ||| INVOKING Heroism.
 12026 | Lair:4   | 12026 ||| INVOKING Finesse.
 12027 | Lair:4   | 12027 ||| SWAPPING to +2 morningstar.
 12029 | Lair:4   | 12029 ||| STAIRDANCE
 12031 | Lair:3   | 12031 ||| SWAPPING to +6 war axe "Undertaker" {vorpal, MP+9
                  | Dex+3 SInv}.
 12082 | Lair:3   | 12082 ||| INVOKING Heroism.
 12118 | Lair:4   | 12118 ||| STAIRDANCE
 12120 | Lair:3   | 12120 ||| SWAPPING to +2 morningstar.
 12127 | Lair:3   | 12127 ||| INVOKING Heroism.
 12128 | Lair:3   | HP: 15/73 [eight-headed hydra (5)]
 12129 | Lair:3   | 12129 ||| READING scroll of teleportation.
 12130 | Lair:3   | 12130 ||| DRINKING 2 potions of heal wounds.
 12131 | Lair:3   | Killed an eight-headed hydra
 12132 | Lair:3   | 12132 ||| SWAPPING to +6 war axe "Undertaker" {vorpal, MP+9
                  | Dex+3 SInv}.
 12371 | Lair:4   | Found a viscous altar of Jiyva.
 12372 | Lair:4   | 12372 ||| Stepping ~*~*~tactically~*~*~ (stealth).
 12373 | Lair:4   | 12373 ||| Stepping ~*~*~tactically~*~*~ (stealth).
 12375 | Lair:4   | 12375 ||| INVOKING Heroism.
 12383 | Lair:4   | Reached skill level 11 in Axes
 12392 | Lair:4   | Found a staircase to the Slime Pits.
 12395 | Lair:4   | 12395 ||| Stepping ~*~*~tactically~*~*~ (stealth).
 12396 | Lair:4   | 12396 ||| Stepping ~*~*~tactically~*~*~ (stealth).
 12446 | Lair:4   | 12446 ||| Stepping ~*~*~tactically~*~*~ (stealth).
 12450 | Lair:4   | 12450 ||| INVOKING Heroism.
 12489 | Lair:4   | 12489 ||| INVOKING Heroism.
 12739 | Lair:4   | Noticed a boulder beetle
 12740 | Lair:4   | 12740 ||| INVOKING Heroism.
 12741 | Lair:4   | 12741 ||| INVOKING Finesse.
 12763 | Lair:4   | Killed a boulder beetle
 12764 | Lair:4   | Reached skill level 9 in Fighting
 12821 | Lair:4   | Noticed an eight-headed hydra
 12822 | Lair:4   | 12822 ||| INVOKING Heroism.
 12823 | Lair:4   | 12823 ||| SWAPPING to +2 morningstar.
 12824 | Lair:4   | 12824 ||| INVOKING Finesse.
 12832 | Lair:4   | Killed an eight-headed hydra
 12833 | Lair:4   | 12833 ||| SWAPPING to +6 war axe "Undertaker" {vorpal, MP+9
                  | Dex+3 SInv}.
 12915 | Lair:4   | 12915 ||| Stepping ~*~*~tactically~*~*~ (stealth).
 12918 | Lair:4   | 12918 ||| Stepping ~*~*~tactically~*~*~ (stealth).
 12945 | Lair:4   | 12945 ||| Stepping ~*~*~tactically~*~*~ (stealth).
 12958 | Lair:4   | Noticed a boulder beetle
 12959 | Lair:4   | 12959 ||| INVOKING Heroism.
 12960 | Lair:4   | 12960 ||| INVOKING Finesse.
 12970 | Lair:4   | Killed a boulder beetle
 13065 | Lair:4   | 13065 ||| Stepping ~*~*~tactically~*~*~ (cloud).
 13065 | Lair:4   | Noticed a boulder beetle
 13066 | Lair:4   | 13066 ||| INVOKING Heroism.
 13067 | Lair:4   | 13067 ||| INVOKING Finesse.
 13091 | Lair:4   | Killed a boulder beetle
 13160 | Lair:4   | Identified the +7 quarterstaff "Liriohex" {pain, rElec rF-
                  | Str+4}
 13232 | Lair:4   | 13232 ||| INVOKING Heroism.
 13239 | Lair:4   | Reached XP level 13. HP: 77/80 MP: 20/20
 13501 | Lair:4   | 13501 ||| DROPPING +2 morningstar.
 13564 | Lair:4   | 13564 ||| READING 7 scrolls of identify.
 13564 | Lair:4   | 13564 ||| IDENTIFYING red potion
 13571 | Lair:5   | Entered Level 5 of the Lair of Beasts
 13573 | Lair:5   | 13573 ||| INVOKING Heroism.
 13574 | Lair:5   | 13574 ||| STAIRDANCE
 13577 | Lair:4   | Received a gift from Okawaru
 13592 | Lair:5   | Reached skill level 12 in Axes
 13675 | Lair:5   | 13675 ||| INVOKING Heroism.
 13734 | Lair:5   | 13734 ||| INVOKING Heroism.
 13806 | Lair:5   | 13806 ||| Stepping ~*~*~tactically~*~*~ (stealth).
 13807 | Lair:5   | 13807 ||| Stepping ~*~*~tactically~*~*~ (stealth).
 13808 | Lair:5   | 13808 ||| Stepping ~*~*~tactically~*~*~ (stealth).
 13855 | Lair:5   | 13855 ||| Stepping ~*~*~tactically~*~*~ (stealth).
 13857 | Lair:5   | 13857 ||| Stepping ~*~*~tactically~*~*~ (hiding).
 13858 | Lair:5   | 13858 ||| Stepping ~*~*~tactically~*~*~ (hiding).
 13869 | Lair:5   | 13869 ||| FLEEEEING.
 13870 | Lair:5   | 13870 ||| FLEEEEING.
 13871 | Lair:5   | 13871 ||| FLEEEEING.
 13872 | Lair:5   | 13872 ||| FLEEEEING.
 13873 | Lair:5   | 13873 ||| FLEEEEING.
 13875 | Lair:5   | 13875 ||| INVOKING Heroism.
 13876 | Lair:5   | 13876 ||| SWAPPING to +2 war axe of flaming.
 13886 | Lair:5   | 13886 ||| SWAPPING to +6 war axe "Undertaker" {vorpal, MP+9
                  | Dex+3 SInv}.
 14176 | Lair:5   | 14176 ||| INVOKING Heroism.
 14209 | Lair:5   | 14209 ||| Stepping ~*~*~tactically~*~*~ (stealth).
 14211 | Lair:5   | 14211 ||| INVOKING Heroism.
 14237 | Lair:5   | Reached skill level 13 in Axes
 14278 | Lair:5   | 14278 ||| Stepping ~*~*~tactically~*~*~ (stealth).
 14284 | Lair:5   | 14284 ||| INVOKING Heroism.
 14323 | Lair:5   | 14323 ||| Stepping ~*~*~tactically~*~*~ (stealth).
 14329 | Lair:5   | 14329 ||| INVOKING Heroism.
 14355 | Lair:5   | 14355 ||| INVOKING Finesse.
 14412 | Lair:5   | 14412 ||| INVOKING Heroism.
 14425 | Lair:5   | 14425 ||| INVOKING Finesse.
 14439 | Lair:5   | Received a gift from Okawaru
 14578 | Lair:5   | 14578 ||| INVOKING Heroism.
 14587 | Lair:5   | Received a gift from Okawaru
 14596 | Lair:5   | Reached skill level 3 in Throwing
 14842 | Lair:5   | 14842 ||| INVOKING Heroism.
 14862 | Lair:5   | 14862 ||| Stepping ~*~*~tactically~*~*~ (stealth).
 14875 | Lair:5   | Gained mutation: Your large and strong wings let you fly.
                  | [Gargoyle growth]
 14875 | Lair:5   | Reached XP level 14. HP: 83/88 MP: 21/21
 14922 | Lair:5   | 14922 ||| INVOKING Heroism.
 14923 | Lair:5   | 14923 ||| INVOKING Finesse.
 14937 | Lair:5   | Received a gift from Okawaru
 14986 | Lair:5   | 14986 ||| Stepping ~*~*~tactically~*~*~ (stealth).
 14996 | Lair:5   | 14996 ||| INVOKING Heroism.
 14999 | Lair:5   | 14999 ||| INVOKING Finesse.
 15141 | Lair:5   | 15141 ||| FLEEEEING.
 15150 | Lair:5   | 15150 ||| STAIRDANCE
 15188 | Lair:4   | 15188 ||| READING 8 scrolls of identify.
 15188 | Lair:4   | 15188 ||| IDENTIFYING dark potion
 15603 | Lair:5   | 15603 ||| INVOKING Heroism.
 15718 | Lair:5   | 15718 ||| PLANNING D:1-11
 15718 | Lair:5   | 15718 ||| DROPPING +6 ring of intelligence.
 15832 | D:9      | Found a blossoming altar of Fedhas.
 15863 | D:9      | 15863 ||| Stepping ~*~*~tactically~*~*~ (hiding).
 15895 | D:9      | 15895 ||| INVOKING Heroism.
 15914 | D:9      | Noticed Amaemon
 15925 | D:9      | 15925 ||| INVOKING Heroism.
 15926 | D:9      | Killed Amaemon
 16009 | D:9      | 16009 ||| Stepping ~*~*~tactically~*~*~ (stealth).
 16010 | D:9      | 16010 ||| Stepping ~*~*~tactically~*~*~ (stealth).
 16011 | D:9      | 16011 ||| Stepping ~*~*~tactically~*~*~ (stealth).
 16024 | D:9      | Reached skill level 14 in Axes
 16037 | D:9      | 16037 ||| Stepping ~*~*~tactically~*~*~ (stealth).
 16079 | D:9      | Found a shadowy altar of Dithmenos.
 16239 | D:9      | Found Bifo's Armour Boutique.
 16276 | D:9      | 16276 ||| INVOKING Heroism.
 16398 | D:9      | 16398 ||| INVOKING Heroism.
 16661 | D:9      | 16661 ||| Stepping ~*~*~tactically~*~*~ (hiding).
 16664 | D:9      | 16664 ||| Stepping ~*~*~tactically~*~*~ (hiding).
 16919 | D:9      | 16919 ||| READING scroll labelled RIJUIB LUMYF.
 16920 | D:9      | 16920 ||| READING 7 scrolls of identify.
 16920 | D:9      | 16920 ||| IDENTIFYING yellow potion
 16941 | D:10     | Entered Level 10 of the Dungeon
 17105 | D:10     | 17105 ||| Stepping ~*~*~tactically~*~*~ (stealth).
 17106 | D:10     | 17106 ||| Stepping ~*~*~tactically~*~*~ (stealth).
 17107 | D:10     | 17107 ||| Stepping ~*~*~tactically~*~*~ (stealth).
 17108 | D:10     | 17108 ||| Stepping ~*~*~tactically~*~*~ (stealth).
 17114 | D:10     | 17114 ||| Stepping ~*~*~tactically~*~*~ (stealth).
 17115 | D:10     | 17115 ||| Stepping ~*~*~tactically~*~*~ (stealth).
 17119 | D:10     | 17119 ||| INVOKING Heroism.
 17142 | D:10     | 17142 ||| Stepping ~*~*~tactically~*~*~ (hiding).
 17143 | D:10     | 17143 ||| Stepping ~*~*~tactically~*~*~ (hiding).
 17620 | D:10     | 17620 ||| INVOKING Heroism.
 17624 | D:10     | Reached skill level 12 in Armour
 17696 | D:10     | 17696 ||| UPGRADING to +0 tower shield.
 17706 | D:10     | 17706 ||| DROPPING +0 kite shield.
 17779 | D:11     | 17779 ||| INVOKING Heroism.
 17832 | D:11     | 17832 ||| Stepping ~*~*~tactically~*~*~ (hiding).
 17923 | D:11     | Identified the +11 flail of a bailey {drain, +Blink rN+
                  | Str+4 Stlth-}
 18041 | D:11     | 18041 ||| INVOKING Heroism.
 18042 | D:11     | 18042 ||| INVOKING Finesse.
 18055 | D:11     | Received a gift from Okawaru
 18638 | D:11     | 18638 ||| INVOKING Heroism.
 18861 | D:11     | 18861 ||| PLANNING D
 18920 | D:12     | 18920 ||| Stepping ~*~*~tactically~*~*~ (hiding).
 18953 | D:12     | 18953 ||| FLEEEEING.
 18954 | D:12     | 18954 ||| FLEEEEING.
 18955 | D:12     | 18955 ||| FLEEEEING.
 18956 | D:12     | 18956 ||| FLEEEEING.
 18957 | D:12     | 18957 ||| FLEEEEING.
 18958 | D:12     | 18958 ||| FLEEEEING.
 18959 | D:12     | 18959 ||| FLEEEEING.
 18960 | D:12     | 18960 ||| STAIRDANCE
 19016 | D:12     | 19016 ||| Stepping ~*~*~tactically~*~*~ (stealth).
 19030 | D:12     | Found a staircase to the Orcish Mines.
 19041 | D:12     | 19041 ||| Stepping ~*~*~tactically~*~*~ (stealth).
 19042 | D:12     | 19042 ||| INVOKING Heroism.
 19055 | D:12     | 19055 ||| Stepping ~*~*~tactically~*~*~ (stealth).
 19107 | D:12     | 19107 ||| INVOKING Heroism.
 19123 | D:12     | Reached skill level 12 in Shields
 19157 | D:12     | 19157 ||| INVOKING Heroism.
 19434 | D:12     | Identified the +1 robe of the Dropbear {rElec rC- rCorr
                  | Str+3}
 19486 | D:12     | 19486 ||| Stepping ~*~*~tactically~*~*~ (hiding).
 19497 | D:12     | 19497 ||| INVOKING Heroism.
 19663 | D:12     | 19663 ||| Stepping ~*~*~tactically~*~*~ (stealth).
 19664 | D:12     | 19664 ||| Stepping ~*~*~tactically~*~*~ (stealth).
 19665 | D:12     | 19665 ||| Stepping ~*~*~tactically~*~*~ (stealth).
 19667 | D:12     | 19667 ||| Stepping ~*~*~tactically~*~*~ (stealth).
 19830 | D:12     | 19830 ||| Stepping ~*~*~tactically~*~*~ (hiding).
 19890 | D:12     | 19890 ||| Stepping ~*~*~tactically~*~*~ (stealth).
 19891 | D:12     | 19891 ||| Stepping ~*~*~tactically~*~*~ (stealth).
 19894 | D:12     | 19894 ||| INVOKING Heroism.
 20693 | D:13     | 20693 ||| INVOKING Heroism.
 20762 | D:13     | 20762 ||| FLEEEEING.
 21016 | D:13     | 21016 ||| READING scroll of enchant armour.
 21016 | D:13     | 21016 ||| ENCHANTING +0 gold dragon scales.
 21024 | D:13     | 21024 ||| Stepping ~*~*~tactically~*~*~ (stealth).
 21025 | D:13     | 21025 ||| Stepping ~*~*~tactically~*~*~ (stealth).
 21042 | D:13     | 21042 ||| INVOKING Heroism.
 21168 | D:13     | 21168 ||| Stepping ~*~*~tactically~*~*~ (stealth).
 21180 | D:13     | 21180 ||| Stepping ~*~*~tactically~*~*~ (stealth).
 21184 | D:13     | 21184 ||| INVOKING Heroism.
 21192 | D:13     | HP: 22/88 [phantasmal warrior[a death knight] (24)]
 21193 | D:13     | 21193 ||| READING 3 scrolls of teleportation.
 21193 | D:13     | Slain by a phantasmal warrior

Levels and vault maps discovered:
D:1:      minmay_arrival_hallway, layout_basic, serial_shops,
          nicolae_shop_hallway_stairs, serial_glass, glass_columns_b,
          glass_columns_a, chequers_garden
D:2:      layout_basic, minivault_14
D:3:      layout_rooms, nicolae_ecumenical_oubliette
D:4:      layout_cave_pools, minmay_temple_entry_offerings, fountainhead
D:5:      layout_loops_ring, gammafunk_temple_overflow_elements,
          amethyst_killhole, nzn_random_ring
D:6:      layout_loops_ring, kennysheep_little_box,
          mainiacjoe_overflow_24_doors, tgw_xom, uniq_menkaure
D:7:      layout_rooms, nicolae_yredelemnul_corpse_copse, uniq_pikel
D:8:      layout_basic, mainiacjoe_overflow_paths, lemuel_doored_altar,
          mainiacjoe_overflow_catwalk_spiral, grunt_lair_entry_orc_guard_hut,
          ebering_ghost_gozag, worms_lemuel, uniq_erica, uniq_maurice,
          uniq_grum, uniq_prince_ribbit1
D:9:      layout_basic, mainiacjoe_overflow_surrounded_room, fedhas_altar_1,
          nicolae_inconvenience_store, uniq_amaemon
D:10:     layout_cave_pools, grunt_tough_drop
D:11:     layout_grid_maze, patterned_corridor
D:12:     layout_layer_cave, david_orc_5
D:13:     layout_cave_pools, enter_trove_6
Temple:   compressed_dpeg_circular_temple
Lair:1:   layout_regular_city, wad_woods_road_01, grunt_megastairs_4
Lair:2:   layout_loops_ring, minmay_swamp_entry_worms,
          chequers_serial_rivers_small_a, lemuel_fruit_tree, uniq_sonja,
          uniq_maggie
Lair:3:   layout_chaotic_city, dummy_snake_entry, lemuel_centaur_altar,
          serial_bayou_shore_b, uniq_snorg
Lair:4:   nzn_winding_woodlands_large [nzn_winding_woodlands_5x5_cross,
          nzn_winding_woodlands_5x15_crooked,
          nzn_winding_woodlands_5x5_closed_star,
          nzn_winding_woodlands_center_lodge,
          nzn_winding_woodlands_15x15_eel_pit,
          nzn_winding_woodlands_center_diamonds,
          nzn_winding_woodlands_5x5_checkerboard,
          nzn_winding_woodlands_5x15_pool, nzn_winding_woodlands_5x5_default],
          layout_concentric_octagons, nicolae_slime_entry_slimehenge
Lair:5:   minmay_lair_end_enchanted_forest, layout_layer_cave,
          dreamdust_mushroom_princess, st_stairs_5, dreamdust_gnoll_shepherd,
          infiniplex_staircase_pool_2, serial_bayou_shore_b

Skill      XL: |  1  2  3  4  5  6  7  8  9 10 11 12 13 14 |
---------------+-------------------------------------------+-----
Axes           | 2 3 4 5 6 7 8 9 10 11 13 14 | 14.0
Fighting       | 4 5 7 8 9 10 | 10.2
Dodging        | 1 2 |  2.0
Throwing       | 1 3 |  3.8
Invocations    | 4 6 9 10 | 10.2
Shields        | 5 7 9 10 11 13 | 13.7
Armour         | 5 6 8 10 11 12 | 12.0

Action                   |  1- 3 |  4- 6 |  7- 9 | 10-12 | 13-15 || total
-------------------------+-------+-------+-------+-------+-------++-------
Melee: War axe           |    96 |    95 |   259 |   537 |   703 ||  1690
       Morningstar       |       |       |       |    16 |       ||    16
Throw: Boomerang         |       |       |    53 |    90 |   106 ||   249
       Javelin           |       |       |       |       |     7 ||     7
Invok: Heroism           |       |       |     5 |    36 |    31 ||    72
       Finesse           |       |       |       |     7 |     5 ||    12
  Use: Scroll            |    13 |     3 |     4 |     9 |     6 ||    35
       Potion            |     1 |     1 |     1 |     7 |       ||    10
 Stab: Distracted        |       |       |       |       |     1 ||     1
Armor: Scale mail        |    33 |    20 |       |       |       ||    53
       Chain mail        |       |    39 |    53 |       |       ||    92
       Plate armour      |       |       |    88 |   138 |       ||   226
       Gold dragon scale |       |       |       |   143 |   297 ||   440
Dodge: Dodged            |    52 |    66 |   102 |   217 |   177 ||   614
Block: Buckler           |    14 |    17 |    13 |       |       ||    44
       Kite shield       |       |       |    71 |   311 |   232 ||   614
       Tower shield      |       |       |       |       |   196 ||   196

Table legend:
 A = Non-vault XP
 B = Vault XP
 C = Vault XP percentage of total XP
 D = Non-vault monster count
 E = Vault monster count
 F = Vault count percentage of total count
                 A         B        C        D         E       F
            +---------+---------+-------+---------+---------+-------
      Total |   52443 |   30153 |  36.5 |     359 |     155 |  30.2
            +---------+---------+-------+---------+---------+-------
        D:1 |      29 |       0 |   0.0 |      16 |       0 |   0.0
        D:2 |      51 |       0 |   0.0 |      13 |       0 |   0.0
        D:3 |     163 |       0 |   0.0 |      16 |       0 |   0.0
        D:4 |     319 |       0 |   0.0 |      21 |       0 |   0.0
        D:5 |     879 |     737 |  45.6 |      22 |      16 |  42.1
        D:6 |     402 |     166 |  29.2 |       7 |       6 |  46.2
        D:7 |    1726 |    1000 |  36.7 |      34 |       8 |  19.0
        D:8 |    1627 |    3286 |  66.9 |      37 |      15 |  28.8
        D:9 |    2241 |    1225 |  35.3 |      31 |       2 |   6.1
       D:10 |    2944 |    2647 |  47.3 |      19 |       6 |  24.0
       D:11 |    3082 |       0 |   0.0 |      21 |       0 |   0.0
       D:12 |    5589 |     773 |  12.2 |      18 |      21 |  53.8
       D:13 |    6851 |       0 |   0.0 |       9 |       0 |   0.0
     Lair:1 |    1623 |       0 |   0.0 |       5 |       0 |   0.0
     Lair:2 |    2448 |    2170 |  47.0 |      10 |       6 |  37.5
     Lair:3 |    4479 |    1412 |  24.0 |      18 |       5 |  21.7
     Lair:4 |    3926 |    6671 |  63.0 |      22 |      18 |  45.0
     Lair:5 |   14064 |   10066 |  41.7 |      40 |      52 |  56.5
            +---------+---------+-------+---------+---------+-------
